 Dungeon Crawl Stone Soup version 0.31-a0-986-g5e6e4ef867 (webtiles) character file.

Game seed: 10757542980605988598

14 strifetoe the Digger (level 2, -4/20 HPs)
             Began as a Meteoran Earth Elementalist on Nov 10, 2023.
             Slain by a gnoll
             ... wielding a +0 whip
              (7 damage)
             ... on level 3 of the Dungeon.
             The game lasted 00:01:46 (296 turns).

strifetoe the Digger (Meteoran Earth Elementalist)   Turns: 296, Time: 00:01:47

Health: -4/20      AC:  2    Str:  9    XL:     2   Next: 76%
Magic:  1/6        EV:  6    Int: 16    God:
Gold:   21         SH:  0    Dex: 14    Spells: 5/6 levels left

rFire   . . .        d - +1 spear (freeze)
rCold   . . .        (no shield)
rNeg    . . .        a - +0 robe
rPois   .            (no helmet)
rElec   .            (no cloak)
rCorr   .            (no gloves)
SInv    .            (no boots)
Will    .....        (no amulet)
Stlth   +            (no ring)
HPRegen 0.23/turn    (no ring)
MPRegen 0.10/turn

%: no passive effects
@: held, glowing
A: sense surroundings 1, otherworldly, glowing, explore regen
a: no special abilities


You were on level 3 of the Dungeon.
You visited 1 branch of the dungeon, and saw 3 of its levels.

You collected 21 gold pieces.

Inventory:

Hand Weapons
 d - a +1 spear of freezing (weapon)
Armour
 a - a +0 robe (worn)
Jewellery
 c - a ring of fire
Scrolls
 f - a scroll of teleportation {unknown}
Potions
 b - a potion of magic
 e - a potion of heal wounds {unknown}
 g - a potion of enlightenment {unknown}


   Skills:
 - Level 2.2 Dodging
 - Level 1.4 Stealth
 - Level 2.8 Spellcasting
 - Level 1.3 Transmutations
 + Level 4.3 Earth Magic


You had 5 spell levels left.
You knew the following spells:

 Your Spells              Type           Power      Damage    Failure   Level
a - Sandblast             Erth           32%        2d9       3%          1

Your spell library contained the following spells:

 Spells                   Type           Power      Damage    Failure   Level
 Passwall                 Tmut/Erth      9%         N/A       9%          2
 Stone Arrow              Conj/Erth      18%        3d8       24%         3
 Petrify                  Tmut/Erth      11%        N/A       52%         4
 Brom's Barrelling Bould  Conj/Erth      9%         2d3       61%         4


Dungeon Overview and Level Annotations

Branches:
Dungeon (3/15) Zot: 1498

Altars:


Innate Abilities, Weirdness & Mutations

You passively map a small area around you.
You are easily found by Zot.
You glow in the dark.
You regain HP and MP as you explore.


Message History

The gnoll struggles against the net.
There is a stone staircase leading up here.
You see here a throwing net.
You struggle against the net.
The gnoll struggles against the net.
Unknown command.
Unknown command.
You struggle against the net.
A rat comes into view.
The gnoll struggles against the net.
The gnoll hits you with a +0 whip!
Casting: Sandblast (safe; 3% risk of failure)
Confirm with . or Enter, or press ? or * to list all spells.
Aiming: Sandblast (safe; 3% risk of failure)
Press: ? - help, Shift-Dir - straight line, f - gnoll
Aim: a gnoll, wielding a +0 flail (entangled in a net, 100% to hit)
The blast of sand hits the gnoll.
The gnoll is heavily wounded.
The gnoll hits you with a +0 whip.
The gnoll struggles against the net.
Unknown command.
Casting: Sandblast (safe; 3% risk of failure)
Confirm with . or Enter, or press ? or * to list all spells.
Aiming: Sandblast (safe; 3% risk of failure)
Press: ? - help, Shift-Dir - straight line, f/p - gnoll
Aim: a gnoll, wielding a +0 flail (heavily wounded, entangled in a net, 100% to hit)
The blast of sand hits the gnoll.
The gnoll is almost dead.
The gnoll hits you with a +0 whip.
* * * LOW HITPOINT WARNING * * *
The gnoll struggles against the net. x2
The net rips apart, and the gnoll comes free!
The gnoll hits you with a +0 whip.
* * * LOW HITPOINT WARNING * * *
Casting: Sandblast (safe; 3% risk of failure)
Confirm with . or Enter, or press ? or * to list all spells.
Aiming: Sandblast (safe; 3% risk of failure)
Press: ? - help, Shift-Dir - straight line, f/p - gnoll
Aim: a gnoll, wielding a +0 flail (almost dead, 84% to hit)
The blast of sand hits the gnoll!
You kill the gnoll!
The gnoll hits you with a +0 whip!
You die...

... #..
..###.#
*
,.....#
,....#
* ,
...## *
, ,
,.r.,
*, *
#K# * ,
, #@# ,
, #g#
** ,
#.#* ,
* #.. ,
, #.# ,
,, #.#
, , #.#
,, *
### , ,


You could see a gnoll, a kobold and a rat.

Vanquished Creatures
  2 gnolls
  A bat (D:1)
  A goblin (D:1)
  A frilled lizard (D:1)
  A kobold (D:1)
6 creatures vanquished.

Notes
Turn   | Place    | Note
-------+----------+-------------------------------------------
     0 | D:1      | strifetoe the Meteoran Earth Elementalist began the quest
                  | for the Orb.
     0 | D:1      | Reached XP level 1. HP: 14/14 MP: 5/5
   288 | D:2      | Reached skill level 4 in Earth Magic
   288 | D:2      | Reached XP level 2. HP: 20/20 MP: 3/6
   296 | D:3      | Slain by a gnoll

Illustrated notes

Levels and vault maps discovered:
D:1:      dpeg_arrival_water_temple_mockup, layout_loops_corners
D:2:      layout_basic, kennysheep_cross_room
D:3:      layout_basic, grunt_temple_overflow_open, kennysheep_big_empty_room,
          uniq_natasha

Skill      XL: |  1 |
---------------+----+-----
Earth Magic    | 4 |  4.3
Dodging        | |  2.2
Stealth        | |  1.4
Spellcasting   | |  2.8
Transmutations | |  1.3

Action                     || total
---------------------------++-------
  Melee: Spear             ||    13
   Cast: Sandblast         ||     7
 Armour: Robe              ||    17
  Dodge: Dodged            ||    14

Table legend: (Time is in decaauts)
 A = Elapsed time spent in this place.
 B = Non-inter-level travel time spent in this place.
 C = Inter-level travel time spent in this place.
 D = Time resting spent in this place.
 E = Time spent auto-exploring this place.
 F = Levels seen in this place.
 G = Mean time per level.
                   A        B        C        D        E       F      G
               +--------+--------+--------+--------+--------+-----+--------+
         Total |    300 |    296 |      4 |      4 |      9 |   3 |  100.0 |
       Dungeon |    300 |    296 |      4 |      4 |      9 |   3 |  100.0 |
               +--------+--------+--------+--------+--------+-----+--------+

Top non-repeatable levels by time:
     D:1: 206 daAuts
     D:2: 83 daAuts
     D:3: 9 daAuts
